 Dungeon Crawl Stone Soup version 0.31-a0-868-g674d60d6f7 (webtiles) character file.

Game seed: 13729458463242454311

65477 hwolsky the Devastator (level 15, -2/90 HPs) *EXPLORE*
             Began as a Human Conjurer on Sept 8, 2023.
             Was a High Priest of Vehumet.
             Slain by a sixfirhy (3 damage)
             ... summoned by an orc high priest
             ... on level 2 of the Orcish Mines on Oct 11, 2023.
             The game lasted 02:41:11 (26822 turns).

hwolsky the Devastator (Human Conjurer)            Turns: 26822, Time: 02:41:11

Health: -2/90      AC:  5    Str: 13    XL:     15   Next: 58%
Magic:  7/36       EV: 17    Int: 29    God:    Vehumet [*****.]
Gold:   1500       SH:  0    Dex: 13    Spells: 3/37 levels left

rFire   + + .        m - staff of Foul Odours {rF+ Conj}
rCold   . . .        q - orb {*channel}
rNeg    . . .        a - +0 robe
rPois   .            I - +0 helmet
rElec   +            E - scarf {+Inv}
rCorr   .            p - +0 pair of gloves
SInv    .            O - +0 pair of boots {rampage}
Will    +....        L - amulet of regeneration
Stlth   +++++        h - ring of magical power
HPRegen 1.15/turn    y - +6 ring of intelligence
MPRegen 0.25/turn

%: rampage, channel magic (20%)
@: mighty, studying 2 skills
A: thin skeletal structure 1, fire resistance 1, low MP 1, electricity
resistance, strong 1, subdued magic 1
a: Renounce Religion, Evoke Invisibility


You were on level 2 of the Orcish Mines.
You worshipped Vehumet.
Vehumet was extremely pleased with you.
You visited 4 branches of the dungeon, and saw 20 of its levels.
You also visited: Bailey and Gauntlet.

You collected 1652 gold pieces.
You spent 152 gold pieces at shops.

Inventory:

Hand Weapons
 s - a +3 dagger of holy wrath
Missiles
 G - 4 throwing nets {@!f}
Armour
 a - a +0 robe (worn)
 p - a +0 pair of gloves (worn)
 q - an orb of energy (worn)
 E - a scarf of invisibility (worn)
 I - a +0 helmet (worn)
 J - the +6 plate armour of Ciq Boah {rC+ Slay+5}
   (You found it on level 10 of the Dungeon)

   Slay+5:    It affects your accuracy & damage with ranged weapons and melee
   (+5).
   rC+:       It protects you from cold.
 O - a +0 pair of boots of rampaging (worn)
Magical Staves
 m - the staff of Foul Odours (weapon) {rF+ Conj}
   (You acquired it on level 4 of the Dungeon)

   [staff of conjuration]

   Base accuracy: +5 Base damage: 5 Base attack delay: 1.2 This weapon's minimum
   attack delay (0.6) is reached at skill level 12.
   rF+:       It protects you from fire.
   Conj:      It increases the power of your Conjurations spells.
   It falls into the 'Staves' category.
   It is a one-handed weapon.
Jewellery
 h - a ring of magical power (left hand)
 j - an amulet of guardian spirit
 o - a ring of fire
 v - a +6 ring of dexterity
 y - a +6 ring of intelligence (right hand)
 A - a ring of willpower
 L - an amulet of regeneration (around neck)
 M - a ring of poison resistance
 Q - an amulet of magic regeneration
 R - a ring of ice
Talismans
 c - a beast talisman
Wands
 x - a wand of flame (38)
 H - a wand of paralysis (5)
 K - a wand of mindburst (7)
 N - a wand of polymorph (3)
 P - a wand of roots (3)
 T - a wand of quicksilver (11)
Scrolls
 e - a scroll of revelation
 f - 4 scrolls of fog
 g - a scroll of blinking
 i - 3 scrolls of identify
 r - a scroll of amnesia
 t - a scroll of teleportation
 w - 4 scrolls of enchant weapon
 S - a scroll of vulnerability
 U - a scroll of fear
 V - a scroll of immolation
Potions
 b - 6 potions of haste
 d - 8 potions of ambrosia
 k - a potion of attraction
 l - 2 potions of heal wounds
 n - 6 potions of brilliance
 u - 2 potions of lignification
 z - 2 potions of degeneration
 B - 5 potions of resistance
 D - 3 potions of mutation
Miscellaneous
 F - a phial of floods


   Skills:
 - Level 8.4 Staves
 - Level 11.3 Dodging
 - Level 8.1 Stealth
 + Level 11.5 Spellcasting
 - Level 15.0 Conjurations
 * Level 10.7 Hexes


You had 3 spell levels left.
You knew the following spells:

 Your Spells              Type           Power      Damage    Failure   Level
a - Magic Dart            Conj           100%       1d8       1%          1
b - Searing Ray           Conj           100%       2d8       1%          2
c - Yara's Violent Unrav  Hex/Tmut       18%        3d9       5%          5
d - Dazzling Flash        Conj/Hex       100%       N/A       1%          3
e - Fulminant Prism       Conj/Hex       40%        3d19      1%          4
f - Sandblast             Erth           24%        2d8       2%          1
g - Frozen Ramparts       Ice            24%        1d4       5%          3
h - Brom's Barrelling Bo  Conj/Erth      62%        2d8       1%          4
i - Starburst             Conj/Fire      31%        6d9       11%         6
j - Iskenderun's Battles  Conj           88%        2d14      1%          5

Your spell library contained the following spells:

 Spells                   Type           Power      Damage    Failure   Level
 Ozocubu's Refrigeration  Ice            6%         4d8       100%        7
 Shock                    Conj/Air       100%       1d9       1%          1
 Mephitic Cloud           Conj/Pois/Air  52%        N/A       1%          3
 Sigil of Binding         Hex            57%        N/A       1%          3
 Ensorcelled Hibernation  Hex/Ice        72%        N/A       2%          2
 Poisonous Vapours        Pois/Air       24%        N/A       3%          2
 Ignite Poison            Fire/Tmut/Pois 12%        N/A       5%          3
 Sting                    Tmut/Pois      48%        1d5       9%          1
 Call Imp                 Summ           24%        N/A       12%         2
 Cigotuvi's Dreadful Rot  Necr/Pois/Air  24%        N/A       12%         2
 Passwall                 Tmut/Erth      10%        N/A       12%         2
 Wereblood                Tmut           12%        N/A       12%         2
 Call Canine Familiar     Summ           12%        N/A       21%         3
 Swiftness                Air            12%        N/A       21%         3
 Iskenderun's Mystic Bla  Conj/Tloc      62%        2d13      1%          4
 Sticky Flame             Conj/Fire      62%        2d8       1%          4
 Irradiate                Conj/Tmut      31%        3d22      3%          5
 Freezing Cloud           Conj/Ice/Air   26%        6-21      7%          5
 Dimensional Bullseye     Hex/Tloc       18%        N/A       10%         4
 Leda's Liquefaction      Hex/Erth       18%        N/A       10%         4
 Olgreb's Toxic Radiance  Pois           12%        N/A       16%         4
 Metabolic Englaciation   Hex/Ice        18%        N/A       21%         5
 Summon Mana Viper        Hex/Summ       36%        N/A       21%         5
 Lee's Rapid Deconstruct  Erth           6%         3d6*      32%         5
 Animate Armour           Summ/Erth      24%        N/A       50%         4
 Petrify                  Tmut/Erth      12%        N/A       50%         4
 Summon Ice Beast         Ice/Summ       12%        N/A       50%         4
 Summon Lightning Spire   Summ/Air       12%        N/A       50%         4
 Monstrous Menagerie      Summ           6%         N/A       100%        7
 Ignition                 Fire           6%         3d4       100%        8


Dungeon Overview and Level Annotations

Branches:
Dungeon (12/15) Zot: 25736  Temple (1/1) D:5 Zot: 5976    Lair (5/5) D:11 Zot: 23567
 Shoals (0/4) Lair:2       Spider (0/4) Lair:2        Slime (0/5) Lair:4
    Orc (2/2) D:12 Zot: 10275     Elf (0/3) Orc:2        Bailey (visited)
Gauntlet (visited)

Altars:
Ashenzari
Cheibriados
Dithmenos
Elyvilon
Fedhas
Gozag
Hepliaklqana
Kikubaaqudgha
Makhleb
Nemelex Xobeh
Okawaru
Qazlal
Ru
Sif Muna
Trog
Uskayaw
Vehumet
Wu Jian
Xom
Yredelemnul
Zin
The Shining One

Shops:
D:2 [   D:4 ?   D:5 [   D:10 *   Orc:1 *   Orc:2 **!


Innate Abilities, Weirdness & Mutations

You have a somewhat thin skeletal structure. (Dex +2, Stealth+)
Your flesh is heat resistant. (rF+)
Your magical capacity is low. (-10% MP)
You are resistant to electric shocks. (rElec)
Your muscles are strong. (Str +4, Int/Dex -1)
Your spells are a little easier to cast, but a little less powerful.


Message History

Unknown command.
You hit the orc warrior.
The orc warrior is moderately wounded.
The orc sorcerer mumbles some strange words.
The orc warrior hits you with a +0 broad axe!
You closely miss the orc warrior.
The orc warrior is moderately wounded.
You barely miss the orc warrior.
The orc warrior is moderately wounded.
The orc warrior completely misses you. The orc sorcerer casts a spell at you.
The bolt of fire hits you. You resist.
You barely miss the orc warrior.
The orc warrior is lightly wounded.
The orc high priest hits you from afar with a +0 glaive.
The orc warrior barely misses you.
The orc sorcerer hits you with a +0 dagger of venom.
Unknown command.
You completely miss the orc warrior.
The orc warrior is lightly wounded.
The orc high priest calls upon Beogh to heal the orc warrior.
The orc warrior's wounds heal themselves!
The orc warrior misses you. The orc sorcerer completely misses you.
Unknown command.
Unknown command.
Unknown command.
Casting: Starburst (dangerous; 11% risk of failure)
Confirm with . or Enter, or press ? or * to list all spells.
Casting: Starburst (dangerous; 11% risk of failure)
Press: ? - help, Dir - look around, f - activate You feel a surge of power!
The bolt of fire hits the orc sorcerer!!
The orc sorcerer is almost dead.
The bolt of fire hits the ynoxinul!!
The ynoxinul is almost dead.
The bolt of fire hits the orc warrior!!
The orc warrior is severely wounded.
* * * LOW MAGIC WARNING * * *
The orc high priest misses you.
The orc warrior hits you with a +0 broad axe!
The orc sorcerer points at you and mumbles some strange words.
The bolt of negative energy misses you.
Casting: Starburst (dangerous; 11% risk of failure)
Confirm with . or Enter, or press ? or * to list all spells.
You don't have enough magic to cast this spell.
Unknown command.
The ynoxinul gestures.
The orc high priest hits you with a +0 glaive!
* * * LOW HITPOINT WARNING * * *
The orc warrior hits you with a +0 broad axe.
* * * LOW HITPOINT WARNING * * *
The orc sorcerer closely misses you.
Unknown command.
Unknown command.
You closely miss the orc sorcerer.
The orc sorcerer is almost dead.
The ufetubus closely misses you. The ufetubus completely misses you.
Unknown command.
You hit the orc sorcerer but do no damage.
The orc sorcerer is almost dead.
The orc sorcerer completely misses you.
The orc high priest hits you with a +0 glaive.
* * * LOW HITPOINT WARNING * * *
The orc warrior hits you with a +0 broad axe!
* * * LOW HITPOINT WARNING * * *
The ufetubus hits you.
* * * LOW HITPOINT WARNING * * *
The ufetubus hits you but does no damage.
You hit the orc sorcerer but do no damage.
The orc sorcerer is almost dead.
The ufetubus completely misses you. The ufetubus closely misses you.
The orc sorcerer barely misses you. The orc warrior closely misses you.
The orc high priest hits you with a +0 glaive!
* * * LOW HITPOINT WARNING * * *
You hit the orc sorcerer.
You kill the orc sorcerer!
Vehumet accepts your kill.
You feel your power returning.
The ynoxinul disappears in a puff of smoke!
The ufetubus disappears in a puff of smoke! x2
The orc high priest utters an invocation to Beogh.
The orc warrior barely misses you.
The orc warrior throws a boomerang.
The boomerang hits you!
* * * LOW HITPOINT WARNING * * *
The orc high priest mumbles some strange prayers to Beogh.
Things that are here:
a +0 dagger of venom; a +0 robe You hit the orc high priest.
The orc high priest is lightly wounded.
The orc high priest hits you with a +0 glaive!
* * * LOW HITPOINT WARNING * * *
Unknown command.
You closely miss the orc high priest.
The orc high priest is lightly wounded.
You hit the orc high priest.
The orc high priest is lightly wounded.
The sixfirhy hits you!
* * * LOW HITPOINT WARNING * * *
The sixfirhy shocks you. You resist.
You die...

.....###..###...##
##...###..## #
.....##..###)..##
##...###..###
........###...##
##...###)...
...#..)###...##
##...###...
......###.#.##.
.##.#.###.)
.....###...##..#
#..##...###.
...[.####)#)##34## #..#
#.## ##
.......###...##3o###).#
## ##.
........###..)##@o#..#
. #.. .......##
##...##.).# ... ##.
.......##
##..)#)#.#...# ##
........## ##.)..)....#
# #.#......#
##.#.).#.## #..[....##
##.....## # ....)..##
##...## # #..)[.##
##.## # ...[[..# ## ##


You could see an orc high priest, a hellwing (summoned), 2 sixfirhies and an orc
warrior.

Vanquished Creatures
  2 acid blobs (Lair:4)
  A minotaur (Gauntlet)
  The ghost of arvidsem the Severer, a journeyman MiFi of Qazlal (Lair:2)
  The ghost of Kurtz the Severer, a journeyman OpFi of Okawaru (Lair:2)
  An ettin (Orc:2)
  The ghost of CowFu the Martial Artist, a journeyman GnSh of Fedhas (Lair:2)
  Harold (D:9)
  A catoblepas (Gauntlet)
  2 demonspawn (Orc:2)
  5 two-headed ogres
  3 boulder beetles
  2 tengu warriors (D:12)
  5 death yaks
  4 orc high priests (Orc:2)
  A skyshark (Lair:4)
  A deep troll (Lair:1)
  A lindwurm (Lair:4)
  2 glowing orange brains (Gauntlet)
  4 orc knights (Orc:2)
  4 orc sorcerers (Orc:2)
  An ugly thing (Gauntlet)
  A cyclops (D:12)
  A rust devil (Orc:2)
  A black mamba (Lair:2)
  12 elephants
  The ghost of GigaChad the Chopper, a novice FoFi (D:4)
  Jeremiah (D:6)
  11 cane toads
  3 gargoyles
  4 rime drakes
  An ice devil (Gauntlet)
  8 komodo dragons
  A red devil (Orc:2)
  7 trolls
  A tengu conjurer (D:8)
  4 polar bears
  14 blink frogs
  4 dream sheep (Lair:4)
  A jumping spider (shapeshifter) (D:10)
  Sigmund (D:7)
  A shadow (D:12)
  3 vampires
  2 wyverns
  A chaos spawn (Orc:2)
  3 basilisks
  9 vampire mosquitoes (D:11)
  39 yaks
  2 steam dragons
  2 redbacks (Lair:2)
  Edmund (D:7)
  2 wargs
  An acid dragon (D:10)
  15 water moccasins
  Duvessa (D:5)
  2 sky beasts (D:6)
  30 orc warriors
  14 ice beasts
  4 black bears
  4 ogres
  5 wolves
  A centaur (D:11)
  2 phantoms
  3 kobold brigands
  13 bullfrogs
  2 scorpions
  Dowan (D:5)
  12 wights
  6 killer bees (D:10)
  5 howler monkeys
  2 jellies
  2 hounds
  2 gnoll boudas
  23 orc priests
  23 orc wizards
  A sleepcap (D:5)
  2 iguanas
  5 hell rats (Lair:4)
  20 gnolls
  6 adders
  A shadow imp (D:8)
  2 white imps (Gauntlet)
  2 worms
  3 dart slugs
  71 orcs
  9 bats
  11 endoplasms
  A giant cockroach (D:3)
  5 hobgoblins
  15 kobolds
  7 quokkas
  9 ball pythons
  3 frilled lizards
  9 goblins
  8 rats
  4 boulders
  3 fulminant prisms
556 creatures vanquished.

Vanquished Creatures (collateral kills)
  An orc (Orc:2)
  18 boulders
19 creatures vanquished.

Vanquished Creatures (others)
  A tengu warrior (D:8)
  The ghost of pokeman the Thaumaturge, a novice DEHW of Vehumet (D:8)
  17 boulders
  104 fulminant prisms
123 creatures vanquished.

Grand Total: 698 creatures vanquished

Notes
Turn   | Place    | Note
-------+----------+-------------------------------------------
     0 | D:1      | hwolsky the Human Conjurer began the quest for the Orb.
     0 | D:1      | Reached XP level 1. HP: 13/13 MP: 3/3
   277 | D:1      | Reached XP level 2. HP: 19/19 MP: 3/5
   602 | D:1      | Entered explore mode.
   759 | D:1      | Reached XP level 3. HP: 24/24 MP: 3/6
  1582 | D:2      | Found Alonaan's Antique Armour Shoppe.
  2035 | D:2      | Reached XP level 4. HP: 30/30 MP: 4/7
  2252 | D:2      | Upgraded the game from 0.31-a0-702-gf82c85558f to
                  | 0.31-a0-744-gbc345e7fcb
  2595 | D:3      | Found a radiant altar of Vehumet.
  2850 | D:3      | Learned a level 2 spell: Searing Ray
  3336 | D:3      | Noticed an ice beast
  3346 | D:3      | Killed an ice beast
  3347 | D:3      | Reached skill level 5 in Conjurations
  3347 | D:3      | Reached XP level 5. HP: 13/35 MP: 5/8
  3529 | D:3      | Became a worshipper of Vehumet
  3542 | D:4      | Noticed a phantom
  3556 | D:4      | Killed a phantom
  3557 | D:4      | Reached XP level 6. HP: 28/41 MP: 3/9
  3675 | D:4      | Reached skill level 6 in Conjurations
  3758 | D:4      | Reached XP level 7. HP: 20/46 MP: 6/10
  4136 | D:4      | Found a runed translucent gate.
  4137 | D:4      | Found a runed translucent gate.
  4138 | D:4      | Found a runed translucent gate.
  4147 | D:4      | Noticed GigaChad's ghost (novice FoFi)
  4393 | D:4      | Found Quicsug's Magic Scroll Emporium.
  4421 | D:4      | Identified a scroll of acquirement
  4425 | D:4      | Acquired the staff of Foul Odours {rF+ Conj}
  4472 | D:4      | Slain by GigaChad's ghost (8 damage)
  4479 | D:4      | HP: 2/46 [GigaChad's ghost (4)]
  4481 | D:4      | Slain by GigaChad's ghost (3 damage)
  4491 | D:4      | HP: 2/46 [GigaChad's ghost (15)]
  4492 | D:4      | Mangled by GigaChad's ghost (14 damage)
  4501 | D:4      | Mangled by GigaChad's ghost (16 damage)
  4508 | D:4      | Slain by GigaChad's ghost (12 damage)
  4512 | D:4      | Mangled by GigaChad's ghost (16 damage)
  4517 | D:4      | HP: 1/46 [GigaChad's ghost (5)]
  4518 | D:4      | Demolished by GigaChad's ghost (17 damage)
  4530 | D:4      | Slain by GigaChad's ghost (14 damage)
  4533 | D:4      | Slain by GigaChad's ghost (14 damage)
  4537 | D:4      | Slain by GigaChad's ghost (12 damage)
  4542 | D:4      | Mangled by GigaChad's ghost (16 damage)
  4554 | D:4      | Mangled by GigaChad's ghost (11 damage)
  4564 | D:4      | Slain by GigaChad's ghost (11 damage)
  4572 | D:4      | Slain by GigaChad's ghost (8 damage)
  4576 | D:4      | Mangled by GigaChad's ghost (16 damage)
  4582 | D:4      | HP: 2/46 [GigaChad's ghost (4)]
  4583 | D:4      | Slain by GigaChad's ghost (3 damage)
  4590 | D:4      | Slain by GigaChad's ghost (6 damage)
  4596 | D:4      | Slain by GigaChad's ghost (12 damage)
  4610 | D:4      | Mangled by GigaChad's ghost (16 damage)
  4622 | D:4      | Mangled by GigaChad's ghost (15 damage)
  4626 | D:4      | HP: 2/46 [GigaChad's ghost (9)]
  4631 | D:4      | Mangled by GigaChad's ghost (15 damage)
  4635 | D:4      | Slain by GigaChad's ghost (9 damage)
  4640 | D:4      | Slain by GigaChad's ghost (14 damage)
  4650 | D:4      | HP: 1/46 [GigaChad's ghost (4)]
  4653 | D:4      | Mangled by GigaChad's ghost (11 damage)
  4661 | D:4      | Slain by GigaChad's ghost (13 damage)
  4667 | D:4      | HP: 1/46 [GigaChad's ghost (16)]
  4669 | D:4      | Mangled by GigaChad's ghost (7 damage)
  4678 | D:4      | Killed GigaChad's ghost
  4679 | D:4      | Reached skill level 5 in Stealth
  4679 | D:4      | Reached skill level 7 in Conjurations
  4679 | D:4      | Reached XP level 8. HP: 11/52 MP: 4/11
  4960 | D:5      | Entered Level 5 of the Dungeon
  5195 | D:5      | Noticed Duvessa
  5196 | D:5      | Noticed Dowan
  5219 | D:5      | Killed Duvessa
  5220 | D:5      | Reached skill level 5 in Dodging
  5419 | D:5      | Killed Dowan
  5420 | D:5      | Reached skill level 8 in Conjurations
  5494 | D:5      | Found a staircase to the Ecumenical Temple.
  5512 | Temple   | Entered the Ecumenical Temple
  5580 | D:5      | Found a sacrificial altar of Ru.
  5731 | D:5      | Found Teomilotz's Antique Armour Boutique.
  5991 | D:5      | Mangled by an ogre
                  | ... wielding a +0 giant club
                  | (22 damage)
  5993 | D:5      | Reached XP level 9. HP: 57/57 MP: 12/12
  6149 | D:5      | Reached * piety under Vehumet
  6149 | D:5      | Offered knowledge of Shock by Vehumet.
  6152 | D:5      | Learned a level 1 spell: Shock
  6156 | D:5      | Learned a level 3 spell: Dazzling Flash
  6161 | D:5      | Learned a level 4 spell: Fulminant Prism
  6300 | D:5      | Upgraded the game from 0.31-a0-744-gbc345e7fcb to
                  | 0.31-a0-799-g6bc09d010c
  6300 | D:5      | Upgraded the game from 0.31-a0-799-g6bc09d010c to
                  | 0.31-a0-803-g95b03c3367
  6332 | D:5      | Reached skill level 9 in Conjurations
  7223 | D:6      | Upgraded the game from 0.31-a0-803-g95b03c3367 to
                  | 0.31-a0-836-g3ceb0a68c4
  7338 | D:6      | Found a broken altar of Ashenzari.
  8044 | D:6      | Found a burning altar of Makhleb.
  8045 | D:6      | Noticed Jeremiah
  8104 | D:6      | Killed Jeremiah
  8105 | D:6      | Reached skill level 10 in Conjurations
  8377 | D:6      | Reached XP level 10. HP: 40/63 MP: 8/13
  8686 | D:7      | Noticed Sigmund
  8698 | D:7      | Killed Sigmund
  9211 | D:7      | Mangled by a wight
                  | ... wielding a +0 morningstar
                  | (18 damage)
  9664 | D:7      | Noticed Edmund
  9680 | D:7      | Killed Edmund
  9992 | D:8      | Found a flagged portal.
 10005 | Bailey   | Entered a bailey
 10213 | Bailey   | Offered knowledge of Sandblast by Vehumet.
 10216 | Bailey   | Learned a level 1 spell: Sandblast
 10235 | Bailey   | Reached ** piety under Vehumet
 10285 | Bailey   | Slain by an orc warrior
                  | ... wielding a +0 halberd of electrocution
                  | (12 damage)
 10290 | Bailey   | Reached skill level 11 in Conjurations
 10293 | Bailey   | HP: 2/50 [gnoll/+2 halberd of draining (2)]
 10294 | Bailey   | Mangled by a gnoll
                  | ... wielding a +2 halberd of draining
                  | (9 damage)
 10300 | Bailey   | Mangled by a gnoll
                  | ... wielding a +2 halberd of draining
                  | (16 damage)
 10304 | Bailey   | Slain by a gnoll
                  | ... wielding a +2 halberd of draining
                  | (6 damage)
 10593 | D:8      | Noticed a komodo dragon
 10601 | D:8      | Mangled by a komodo dragon (25 damage)
 10607 | D:8      | Slain by a komodo dragon (21 damage)
 10614 | D:8      | Killed a komodo dragon
 10615 | D:8      | Reached skill level 1 in Staves
 11335 | D:8      | Found a runed translucent gate.
 11335 | D:8      | Found a runed translucent gate.
 11335 | D:8      | Found a runed translucent gate.
 11336 | D:8      | Found an opulent altar of Gozag.
 11338 | D:8      | Noticed pokeman's ghost (novice DEHW)
 11338 | D:8      | Noticed a tengu warrior
 11374 | D:8      | Found a bloodstained altar of Trog.
 12072 | D:8      | Demolished by a tengu warrior
                  | ... wielding a +0 battleaxe
                  | (19 damage)
 12076 | D:8      | Slain by a tengu warrior
                  | ... wielding a +0 battleaxe
                  | (20 damage)
 12078 | D:8      | Killed by vampiric draining
                  | ... invoked by a vampire
                  | (20 damage)
 12082 | D:8      | HP: 2/48 [poisoned by pokeman's ghost]
 12082 | D:8      | Slain by a cerulean imp
                  | ... wielding a +2 spear
                  | ... summoned by pokeman's ghost
                  | (4 damage)
 12084 | D:8      | Slain by a tengu warrior
                  | ... wielding a +0 battleaxe
                  | (3 damage)
 12086 | D:8      | Killed pokeman's ghost
 12087 | D:8      | Slain by a tengu conjurer (4 damage)
 12091 | D:8      | Slain by a vampire (10 damage)
 12091 | D:8      | Killed a tengu warrior
 12093 | D:8      | Slain by a vampire (4 damage)
 12098 | D:8      | HP: 1/63 [something (7)]
 12098 | D:8      | Slain by a vampire (2 damage)
 12103 | D:8      | Slain by a vampire (7 damage)
 12107 | D:8      | Slain by a vampire (12 damage)
 12110 | D:8      | HP: 3/63 [vampire (2)]
 12112 | D:8      | Slain by a vampire (9 damage)
 12118 | D:8      | Reached XP level 11. HP: 4/68 MP: 6/16
 12118 | D:8      | Slain by a vampire (10 damage)
 12122 | D:8      | Killed by vampiric draining
                  | ... invoked by a vampire
                  | (13 damage)
 12131 | D:8      | HP: 3/68 [something (8)]
 12133 | D:8      | Mangled by a vampire (11 damage)
 12137 | D:8      | Slain by a vampire (12 damage)
 12141 | D:8      | Slain by a vampire (9 damage)
 12144 | D:8      | Slain by a vampire (7 damage)
 12150 | D:8      | Slain by a vampire (9 damage)
 12349 | D:9      | Offered knowledge of Frozen Ramparts by Vehumet.
 12356 | D:8      | Learned a level 3 spell: Frozen Ramparts
 12529 | D:9      | Slain by a wight
                  | ... wielding a +0 scimitar
                  | (4 damage)
 12547 | D:9      | Noticed Harold
 12565 | D:9      | Slain by Harold
                  | ... wielding a +0 battleaxe
                  | (25 damage)
 12569 | D:9      | HP: 2/51 [Harold/+0 battleaxe (15)]
 12569 | D:9      | Slain by a wight
                  | ... wielding a +0 battleaxe
                  | (6 damage)
 12571 | D:9      | Killed by an exploding fulminant prism (30 damage)
 12574 | D:9      | Demolished by Harold
                  | ... wielding a +0 battleaxe
                  | (21 damage)
 12578 | D:9      | HP: 1/57 [yak (11)]
 12578 | D:9      | Mangled by a yak (8 damage)
 12579 | D:9      | Slain by a wight
                  | ... wielding a +1 scimitar
                  | (3 damage)
 12581 | D:9      | Slain by a yak (6 damage)
 12582 | D:9      | Slain by a wight
                  | ... wielding a +3 dire flail
                  | (7 damage)
 12583 | D:9      | Mangled by a wight
                  | ... wielding a +3 dire flail
                  | (14 damage)
 12586 | D:9      | Slain by a yak (10 damage)
 12588 | D:9      | HP: 1/43 [wight/+3 dire flail (2)]
 12589 | D:9      | Slain by a yak (7 damage)
 12590 | D:9      | Slain by a yak (16 damage)
 12592 | D:9      | Slain by Harold
                  | ... wielding a +0 battleaxe
                  | (15 damage)
 12594 | D:9      | Mangled by Harold
                  | ... wielding a +0 battleaxe
                  | (21 damage)
 12595 | D:9      | Killed Harold
 12605 | D:9      | Slain by a wight
                  | ... wielding a +1 scimitar
                  | (11 damage)
 12610 | D:9      | HP: 2/60 [wight/+1 scimitar (11)]
 12611 | D:9      | Slain by a yak (4 damage)
 12613 | D:9      | Slain by a yak (6 damage)
 12618 | D:9      | HP: 2/55 [yak (5)]
 12620 | D:9      | Slain by a wight
                  | ... wielding a +3 dire flail
                  | (6 damage)
 12624 | D:9      | Slain by a yak (8 damage)
 12627 | D:9      | Mangled by a wight
                  | ... wielding a +3 dire flail
                  | (11 damage)
 12628 | D:9      | Upgraded the game from 0.31-a0-836-g3ceb0a68c4 to
                  | 0.31-a0-846-gb3bcc0d938
 12630 | D:9      | Slain by a wight
                  | ... wielding a +1 scimitar
                  | (13 damage)
 12632 | D:9      | Slain by a yak (4 damage)
 12935 | D:2      | Bought an embroidered scarf for 152 gold pieces
 13264 | D:9      | Found a glowing golden altar of the Shining One.
 13863 | D:10     | Entered Level 10 of the Dungeon
 14069 | D:10     | Noticed a two-headed ogre
 14075 | D:10     | Slain by a two-headed ogre
                  | ... wielding a +0 giant club
                  | (26 damage)
 14079 | D:10     | Mangled by a two-headed ogre
                  | ... wielding a +0 giant club
                  | (24 damage)
 14080 | D:10     | Killed a two-headed ogre
 14081 | D:10     | Reached skill level 12 in Conjurations
 14111 | D:10     | Noticed a two-headed ogre
 14120 | D:10     | Killed a two-headed ogre
 14121 | D:10     | Reached skill level 5 in Staves
 14121 | D:10     | Reached skill level 5 in Spellcasting
 14227 | D:10     | Reached *** piety under Vehumet
 14255 | D:10     | Identified the +6 plate armour of Ciq Boah {rC+ Slay+5}
 14751 | D:10     | Found Gozag's Platinum Reserve.
 14847 | D:10     | Slain by a yak (10 damage)
 15190 | D:10     | Found an opulent altar of Gozag.
 15348 | D:11     | Reached XP level 12. HP: 74/74 MP: 20/20
 15411 | D:11     | Noticed a two-headed ogre
 15412 | D:11     | Offered knowledge of Brom's Barrelling Boulder by Vehumet.
 15414 | D:11     | Noticed a boulder beetle
 15420 | D:11     | Noticed a two-headed ogre
 15530 | D:11     | Noticed a boulder beetle
 15542 | D:11     | Mangled by a boulder beetle (19 damage)
 15569 | D:11     | Found a staircase to the Lair.
 15577 | Lair:1   | Entered Level 1 of the Lair of Beasts
 15583 | Lair:1   | Learned a level 4 spell: Brom's Barrelling Boulder
 15655 | Lair:1   | Learned a level 3 spell: Mephitic Cloud
 16234 | Lair:1   | Reached skill level 10 in Dodging
 16297 | Lair:1   | Slain by a cane toad (16 damage)
 16305 | Lair:1   | Slain by a cane toad (23 damage)
 16308 | Lair:1   | Succumbed to a cane toad's poison
 16560 | Lair:1   | Reached **** piety under Vehumet
 16636 | Lair:1   | Reached skill level 13 in Conjurations
 16726 | Lair:1   | Slain by an elephant (9 damage)
 16738 | Lair:1   | HP: 2/74 [elephant (2)]
 16739 | Lair:1   | Mangled by an elephant (12 damage)
 16743 | Lair:1   | Offered knowledge of Yara's Violent Unravelling by Vehumet.
 16757 | Lair:1   | Mangled by an elephant (16 damage)
 16769 | Lair:1   | Reached XP level 13. HP: 70/79 MP: 4/23
 16992 | Lair:1   | Learned a level 5 spell: Yara's Violent Unravelling
 17199 | Lair:1   | HP: 3/79 [deep troll (4)]
 17199 | Lair:1   | Slain by a deep troll (8 damage)
 17204 | Lair:1   | HP: 1/79 [deep troll (21)]
 17469 | Lair:2   | Found a hole to the Spider Nest.
 17606 | Lair:2   | Gained mutation: Armour fits poorly on your strangely
                  | shaped body. [you]
 17941 | Lair:2   | HP: 2/79 [blink frog (16)]
 17949 | Lair:2   | Slain by a blink frog (15 damage)
 18001 | Lair:2   | Slain by a blink frog (14 damage)
 18009 | Lair:2   | Slain by a blink frog (12 damage)
 18316 | Lair:2   | Found a runed translucent gate.
 18316 | Lair:2   | Found a runed translucent gate.
 18316 | Lair:2   | Noticed CowFu's ghost (journeyman GnSh)
 18317 | Lair:2   | Found a runed translucent gate.
 18321 | Lair:2   | Noticed arvidsem's ghost (journeyman MiFi)
 18321 | Lair:2   | Noticed Kurtz's ghost (journeyman OpFi)
 18365 | Lair:2   | Killed Kurtz's ghost
 18374 | Lair:2   | HP: 1/79 [arvidsem's ghost (11)]
 18375 | Lair:2   | Demolished by arvidsem's ghost (17 damage)
 18381 | Lair:2   | Slain by arvidsem's ghost (29 damage)
 18389 | Lair:2   | HP: 1/79 [arvidsem's ghost (28)]
 18390 | Lair:2   | Demolished by arvidsem's ghost (17 damage)
 18400 | Lair:2   | Killed CowFu's ghost
 18400 | Lair:2   | Slain by arvidsem's ghost (25 damage)
 18407 | Lair:2   | HP: 3/79 [arvidsem's ghost (25)]
 18408 | Lair:2   | Demolished by arvidsem's ghost (20 damage)
 18414 | Lair:2   | Killed arvidsem's ghost
 18704 | Lair:2   | Found a staircase to the Shoals.
 19169 | Lair:3   | Mangled by a komodo dragon (20 damage)
 19181 | Lair:3   | Noticed a catoblepas
 19282 | Lair:3   | Reached skill level 14 in Conjurations
 19837 | Lair:3   | Slain by a yak (5 damage)
 19844 | Lair:3   | HP: 3/79 [basilisk (7)]
 19844 | Lair:3   | Slain by a yak (5 damage)
                  | ... while petrified by a basilisk
 19850 | Lair:3   | HP: 2/79 [yak (8)]
 19851 | Lair:3   | Slain by a basilisk (3 damage)
                  | ... while petrified by a basilisk
 19864 | Lair:3   | Reached ***** piety under Vehumet
 20179 | Lair:4   | Offered knowledge of Iskenderun's Battlesphere by Vehumet.
 20785 | Lair:4   | Found a runed translucent door.
 20794 | Lair:4   | Noticed an acid blob
 20796 | Lair:4   | Noticed an acid blob
 20797 | Lair:4   | Found a staircase to the Slime Pits.
 20810 | Lair:4   | Splashed by an acid blob's acid (7 damage)
 20814 | Lair:4   | Killed an acid blob
 20815 | Lair:4   | Reached XP level 14. HP: 16/85 MP: 22/27
 20817 | Lair:4   | Killed from afar by an acid blob (19 damage)
                  | ... with a splash of acid
 20818 | Lair:4   | Killed an acid blob
 20912 | Lair:4   | You fall into a shaft and drop 1 floor!
 20912 | Lair:5   | Entered Level 5 of the Lair of Beasts
 20929 | Lair:4   | Slain by an elephant (8 damage)
 21016 | Lair:4   | Reached skill level 15 in Conjurations
 21145 | Lair:4   | HP: 2/85 [death yak (5)]
 21149 | Lair:4   | Reached skill level 1 in Hexes
 21149 | Lair:4   | Mangled by a death yak (14 damage)
 21156 | Lair:4   | HP: 3/85 [death yak (18)]
 21158 | Lair:4   | Demolished by a death yak (26 damage)
 21195 | Lair:4   | Slain by an elephant (9 damage)
 21561 | Lair:5   | Slain by an elephant (11 damage)
 21568 | Lair:5   | HP: 4/85 [death yak (15)]
 21569 | Lair:5   | Slain by an elephant (9 damage)
 21598 | Lair:5   | Slain by a boulder beetle (24 damage)
 21609 | Lair:5   | Demolished by a boulder beetle (45 damage)
 21623 | Lair:5   | Demolished by a boulder beetle (22 damage)
 21648 | Lair:5   | HP: 4/85 [boulder beetle (16)]
 21686 | Lair:5   | Slain by a boulder beetle (19 damage)
 21742 | Lair:5   | HP: 1/85 [elephant (12)]
 21742 | Lair:5   | Slain by an elephant (2 damage)
 21761 | Lair:5   | Mangled by a boulder beetle (21 damage)
 21768 | Lair:5   | Reached skill level 5 in Hexes
 21901 | Lair:5   | Noticed a dire elephant
 21901 | Lair:5   | Noticed a dire elephant
 21901 | Lair:5   | Noticed a dire elephant
 22023 | D:11     | Slain by a vampire mosquito (10 damage)
 22027 | D:11     | Mangled by a boulder beetle (30 damage)
 22262 | D:11     | Upgraded the game from 0.31-a0-846-gb3bcc0d938 to
                  | 0.31-a0-848-gaac375c287
 22262 | D:11     | Upgraded the game from 0.31-a0-848-gaac375c287 to
                  | 0.31-a0-851-g7ff8af7976
 22265 | D:11     | Reached skill level 10 in Spellcasting
 22277 | D:11     | Gained mutation: Your magical capacity is low. (-10% MP)
                  | [you]
 22369 | D:11     | HP: 2/85 [vampire mosquito (5)]
 22370 | D:11     | Slain by a vampire mosquito (7 damage)
 22383 | D:11     | HP: 2/85 [vampire mosquito (11)]
 22384 | D:11     | Mangled by a vampire mosquito (10 damage)
 22671 | D:11     | Learned a level 5 spell: Iskenderun's Battlesphere
 23228 | D:12     | Found a gate leading to a gauntlet.
 23235 | Gauntlet | Entered a Gauntlet
 23235 | Gauntlet | Found a large runed translucent door.
 23235 | Gauntlet | Found a large runed translucent door.
 23235 | Gauntlet | Found a large runed translucent door.
 23235 | Gauntlet | Found a large runed translucent door.
 23235 | Gauntlet | Found a runed translucent door.
 23235 | Gauntlet | Found a large runed translucent door.
 23235 | Gauntlet | Found a large runed translucent door.
 23235 | Gauntlet | Found a transporter.
 23235 | Gauntlet | Found a transporter.
 23235 | Gauntlet | Found a large runed translucent door.
 23235 | Gauntlet | Found a large runed translucent door.
 23235 | Gauntlet | Found a runed translucent gate.
 23235 | Gauntlet | Found a runed translucent gate.
 23235 | Gauntlet | Found a transporter.
 23239 | Gauntlet | Found a runed translucent door.
 23240 | Gauntlet | Found a large runed translucent door.
 23240 | Gauntlet | Found a large runed translucent door.
 23240 | Gauntlet | Found a large runed translucent door.
 23240 | Gauntlet | Found a large runed translucent door.
 23241 | Gauntlet | Found a large runed translucent door.
 23241 | Gauntlet | Found a large runed translucent door.
 23242 | Gauntlet | Found a large runed translucent door.
 23242 | Gauntlet | Found a large runed translucent door.
 23253 | Gauntlet | Found a runed translucent gate.
 23259 | Gauntlet | Found a transporter.
 23277 | Gauntlet | Found a transporter.
 23281 | Gauntlet | Found a transporter.
 23291 | Gauntlet | Found a transporter.
 23323 | Gauntlet | Found a transporter.
 23343 | Gauntlet | Found a transporter.
 23347 | Gauntlet | Found a transporter.
 23357 | Gauntlet | Found a transporter.
 23361 | Gauntlet | Found a transporter.
 23586 | Gauntlet | Learned a level 5 spell: Lee's Rapid Deconstruction
 23631 | Gauntlet | HP: 4/85 [catoblepas (5)]
 23637 | Gauntlet | Mangled by a catoblepas (20 damage)
 23685 | Gauntlet | Slain by a cyan ugly thing (10 damage)
 23688 | Gauntlet | HP: 3/85 [catoblepas/blast of calcifying dust[a glowing
                  | orange brain] (4)]
 23689 | Gauntlet | Demolished by a catoblepas (20 damage)
                  | ... summoned by a glowing orange brain
 23700 | Gauntlet | Slain by a catoblepas (14 damage)
                  | ... summoned by a glowing orange brain
 23703 | Gauntlet | Paralysed by a floating eye for 2 turns
 23709 | Gauntlet | HP: 3/85 [raiju[a glowing orange brain] (3)]
 23709 | Gauntlet | Slain by a catoblepas (5 damage)
                  | ... summoned by a glowing orange brain
                  | ... while petrified by a catoblepas
 23714 | Gauntlet | Paralysed by a floating eye for 2 turns
 23715 | Gauntlet | Slain by a catoblepas (9 damage)
                  | ... summoned by a glowing orange brain
                  | ... while paralysed by a floating eye
 23721 | Gauntlet | HP: 3/85 [raiju[a glowing orange brain] (3)]
 23721 | Gauntlet | Slain by a raiju (5 damage)
                  | ... summoned by a glowing orange brain
 23726 | Gauntlet | Paralysed by a floating eye for 4 turns
 23726 | Gauntlet | HP: 3/85 [raiju[a glowing orange brain] (4)]
 23726 | Gauntlet | Slain by a raiju (3 damage)
                  | ... summoned by a glowing orange brain
                  | ... while paralysed by a floating eye
 23732 | Gauntlet | HP: 3/85 [raiju/living lightning[a glowing orange brain]
                  | (7)]
 23732 | Gauntlet | Slain by a catoblepas (3 damage)
                  | ... summoned by a glowing orange brain
                  | ... while petrified by a catoblepas
 23736 | Gauntlet | Gained mutation: You occasionally lose the ability to drink
                  | potions when taking damage. [you]
 23737 | Gauntlet | HP: 2/85 [raiju[a glowing orange brain] (3)]
 23737 | Gauntlet | Slain by a slime creature (6 damage)
                  | ... summoned by a glowing orange brain
 23738 | Gauntlet | Paralysed by a floating eye for 2 turns
 23756 | Gauntlet | Lost mutation: Your magical capacity is low. (-10% MP)
                  | [potion of mutation]
 23756 | Gauntlet | Lost mutation: You occasionally lose the ability to drink
                  | potions when taking damage. [potion of mutation]
 23756 | Gauntlet | Lost mutation: Armour fits poorly on your strangely shaped
                  | body. [potion of mutation]
 23756 | Gauntlet | Gained mutation: You are weak. (Str -2) [potion of
                  | mutation]
 23756 | Gauntlet | Gained mutation: You possess an exceptional clarity of
                  | mind. [potion of mutation]
 23756 | Gauntlet | Gained mutation: You occasionally lose the ability to drink
                  | potions when taking damage. [potion of mutation]
 23757 | Gauntlet | Lost mutation: You possess an exceptional clarity of mind.
                  | [potion of mutation]
 23757 | Gauntlet | Lost mutation: You are weak. (Str -2) [potion of mutation]
 23757 | Gauntlet | Gained mutation: Your spells are a little easier to cast,
                  | but a little less powerful. [potion of mutation]
 23757 | Gauntlet | Gained mutation: You possess an exceptional clarity of
                  | mind. [potion of mutation]
 23757 | Gauntlet | Gained mutation: You are resistant to electric shocks.
                  | (rElec) [potion of mutation]
 23760 | Gauntlet | Lost mutation: You occasionally lose the ability to drink
                  | potions when taking damage. [potion of mutation]
 23760 | Gauntlet | Lost mutation: You possess an exceptional clarity of mind.
                  | [potion of mutation]
 23760 | Gauntlet | Gained mutation: Your flesh is heat resistant. (rF+)
                  | [potion of mutation]
 23760 | Gauntlet | Gained mutation: You have a somewhat thin skeletal
                  | structure. (Dex +2, Stealth+) [potion of mutation]
 23760 | Gauntlet | Gained mutation: Your muscles are strong. (Str +4, Int/Dex
                  | -1) [potion of mutation]
 23765 | Gauntlet | Identified the +2 cloak of Kozxem {rC- Str+2 Stlth+}
 23828 | Gauntlet | Noticed a minotaur
 23834 | Gauntlet | HP: 4/85 [poisoned by a minotaur]
 23835 | Gauntlet | Succumbed to a minotaur's poison
 23837 | Gauntlet | Demolished by a minotaur
                  | ... wielding a +2 mace of venom
                  | (29 damage)
 23839 | Gauntlet | Annihilated by a minotaur
                  | ... wielding a +2 mace of venom
                  | (34 damage)
 23842 | Gauntlet | HP: 2/85 [minotaur/+2 mace of venom (6)]
 23843 | Gauntlet | Succumbed to a minotaur's poison
 23845 | Gauntlet | Mangled by a minotaur
                  | ... wielding a +2 mace of venom
                  | (33 damage)
 23846 | Gauntlet | Killed a minotaur
 23853 | Gauntlet | HP: 2/85 [poisoned by a minotaur]
 23854 | Gauntlet | Identified the +9 dagger "Ileum" {drain, *Noise rElec
                  | Dex+2}
 23854 | Gauntlet | Succumbed to a minotaur's poison
 24016 | D:12     | Offered knowledge of Starburst by Vehumet.
 24025 | D:12     | Learned a level 6 spell: Starburst
 24548 | D:12     | Slain by a tengu warrior
                  | ... wielding a +0 halberd
                  | (21 damage)
 24550 | D:12     | Reached XP level 15. HP: 53/90 MP: 29/29
 24554 | D:12     | Slain by a tengu warrior
                  | ... wielding a +0 halberd
                  | (25 damage)
 24903 | D:12     | Found a staircase to the Orcish Mines.
 25077 | Orc:1    | Entered Level 1 of the Orcish Mines
 25077 | Orc:1    | Found Ivuq's Overcharged Wands.
 25112 | Orc:1    | Gained mutation: Your magical capacity is low. (-10% MP)
                  | [you]
 25604 | Orc:2    | Entered Level 2 of the Orcish Mines
 25704 | Orc:2    | Found Cempekairi's General Store.
 25932 | Orc:2    | Found Boathra's General Store.
 25932 | Orc:2    | Found Kesaykar's Distillery.
 25960 | Orc:2    | HP: 2/90 [orc warrior/+0 glaive (8)]
 25961 | Orc:2    | Mangled by an orc warrior
                  | ... wielding a +0 glaive
                  | (10 damage)
 26161 | Orc:2    | Upgraded the game from 0.31-a0-851-g7ff8af7976 to
                  | 0.31-a0-868-g674d60d6f7
 26243 | Orc:2    | Slain by an ettin
                  | ... wielding a +0 dire flail
                  | (36 damage)
 26378 | Orc:2    | Offered knowledge of Ozocubu's Refrigeration by Vehumet.
 26596 | Orc:2    | Found a staircase to the Elven Halls.
 26762 | Orc:2    | Reached skill level 10 in Hexes
 26766 | Orc:2    | HP: 4/90 [red devil/+1 demon trident of flaming[an orc
                  | sorcerer] (2)]
 26769 | Orc:2    | Succumbed to barbed spike wounds
 26786 | Orc:2    | HP: 2/87 [demonspawn (8)]
 26786 | Orc:2    | Slain by a demonspawn (7 damage)
 26800 | Orc:2    | HP: 2/90 [demonspawn (6)]
 26802 | Orc:2    | Slain by an orc warrior
                  | ... wielding a +0 broad axe
                  | (5 damage)
 26822 | Orc:2    | HP: 1/90 [sixfirhy[an orc high priest] (8)]
 26822 | Orc:2    | Slain by a sixfirhy

Illustrated notes

Levels and vault maps discovered:
D:1:      reono_arrival_forest_river, layout_basic, hangedman_decor_growths
D:2:      layout_basic, serial_shops, nicolae_shop_trees, kennysheep_donut
D:3:      layout_basic, mainiacjoe_overflow_small_starburst
D:4:      layout_rooms, ebering_ghost_rock_garden, serial_shops, shop_coins,
          nicolae_eternal_life
D:5:      layout_loops_ring, mainiacjoe_overflow_alcove_1, temple_hall,
          serial_shops, nicolae_shop_dealshenge, uniq_duvessa
D:6:      layout_loops_corners, mainiacjoe_overflow_cross_hatched,
          nicolae_overflow_crystal_walls, hex_tiny, nrook_loot_triangle,
          minmay_manual_moon, uniq_jeremiah
D:7:      layout_basic, minmay_misc_feat_plants, minmay_holes,
          minmay_misc_feat_four_crosses, sigmund_edmund_badplayer
D:8:      layout_basic, mainiacjoe_overflow_24_doors, enter_bailey_3,
          ebering_ghost_gozag
D:9:      layout_irregular_city, mainiacjoe_overflow_catwalk,
          chequers_serial_rivers_room_a, chequers_serial_rivers_room_a,
          uniq_harold
D:10:     layout_basic, nicolae_gozag_zags_fifth_avenue,
          hangedman_decor_riveting
D:11:     layout_long_grid, hellmonk_lair_entry_icy
D:12:     layout_basic, orc_0_dummy, gauntlet_entry_generic, minmay_checkerbox
Temple:   nicolae_temple_no_exploring_needed
Lair:1:   dreamdust_cave_troll, layout_chaotic_city,
          infiniplex_staircase_pool_2, grunt_megastairs_4, serial_bayou_shore_a
Lair:2:   layout_loops_ring, elwin_shoals_entry_rooms, spider_nest_entry_webs,
          gammafunk_ghost_cemetery, nicolae_quartered_pool_little,
          chequers_serial_rivers_micro_e
Lair:3:   layout_regular_city
Lair:4:   layout_gridlike, slime_entry_2, serial_bayou_shore_b
Lair:5:   due_jungle_book, layout_cave_pods, uniq_rupert
Orc:1:    layout_caves, nicolae_shop_overcharged_wands
Orc:2:    pf_orc_diabolical, layout_diamond_mine, serial_shops, shop

Skill      XL: |  1  2  3  4  5  6  7  8  9 10 11 12 13 14 15 |
---------------+----------------------------------------------+-----
Stealth        | 3 4 5 6 7 8 |  8.1
Dodging        | 3 4 5 6 8 9 10 11 | 11.3
Conjurations   | 5 6 7 8 10 11 12 13 14 15 | 15.0
Staves         | 2 5 7 8 |  8.4
Spellcasting   | 3 5 7 9 10 11 | 11.5
Hexes          | 8 10 | 10.7

Action                     |  1- 3 |  4- 6 |  7- 9 | 10-12 | 13-15 || total
---------------------------+-------+-------+-------+-------+-------++-------
  Melee: Dagger            |     4 |     2 |       |       |       ||     6
         Staff             |       |       |   218 |   130 |   345 ||   693
         Punch             |       |       |     6 |       |       ||     6
   Cast: Magic Dart        |    83 |    67 |   287 |   323 |    23 ||   783
         Searing Ray       |       |     7 |     7 |   132 |   213 ||   359
         Shock             |       |       |     1 |     4 |       ||     5
         Fulminant Prism   |       |       |       |    27 |    81 ||   108
         Dazzling Flash    |       |       |       |    14 |    29 ||    43
         Sandblast         |       |       |       |     5 |     3 ||     8
         Frozen Ramparts   |       |       |       |     4 |     9 ||    13
         Brom's Barrelling |       |       |       |    12 |    60 ||    72
         Mephitic Cloud    |       |       |       |     2 |     3 ||     5
         Yara's Violent Un |       |       |       |       |    20 ||    20
         Iskenderun's Batt |       |       |       |       |     5 ||     5
         Lee's Rapid Decon |       |       |       |       |     1 ||     1
         Starburst         |       |       |       |       |    31 ||    31
  Evoke: Wand              |       |       |       |       |     4 ||     4
    Use: Scroll            |     5 |       |     9 |    11 |     9 ||    34
         Potion            |       |       |       |     4 |    11 ||    15
   Stab: Invisible         |       |       |       |       |     2 ||     2
         Sleeping          |       |       |       |       |     1 ||     1
         Petrified         |       |       |       |       |     5 ||     5
 Armour: Robe              |     4 |    13 |   258 |   748 |   874 ||  1897
  Dodge: Dodged            |     8 |    12 |   143 |   699 |   824 ||  1686

Table legend: (Time is in decaauts)
 A = Elapsed time spent in this place.
 B = Non-inter-level travel time spent in this place.
 C = Inter-level travel time spent in this place.
 D = Time resting spent in this place.
 E = Time spent auto-exploring this place.
 F = Levels seen in this place.
 G = Mean time per level.
                   A        B        C        D        E       F      G
               +--------+--------+--------+--------+--------+-----+--------+
         Total |  26869 |  25948 |    921 |      0 |  19245 |  22 | 1221.3 |
       Dungeon |  17588 |  16866 |    722 |      0 |  13387 |  12 | 1465.7 |
        Temple |     23 |     23 |      0 |      0 |      0 |   1 |   23.0 |
          Lair |   6432 |   6253 |    179 |      0 |   4503 |   5 | 1286.4 |
  Orcish Mines |   1724 |   1706 |     18 |      0 |   1241 |   2 |  862.0 |
        Bailey |    452 |    452 |      0 |      0 |     63 |   1 |  452.0 |
      Gauntlet |    648 |    648 |      0 |      0 |     50 |   1 |  648.0 |
               +--------+--------+--------+--------+--------+-----+--------+

Top non-repeatable levels by time:
     D:8: 2071 daAuts
     D:6: 1974 daAuts
  Lair:1: 1911 daAuts
     D:5: 1789 daAuts
  Lair:2: 1641 daAuts
     D:4: 1497 daAuts
    D:10: 1475 daAuts
     D:1: 1469 daAuts
    D:11: 1398 daAuts
  Lair:4: 1375 daAuts
     D:7: 1365 daAuts
    D:12: 1263 daAuts
   Orc:2: 1201 daAuts
  Lair:3: 1141 daAuts
     D:9: 1110 daAuts
